 Dungeon Crawl Stone Soup version 0.27-a0-1105-g946c659c87 (console) character file.

Game seed: 14824854914300486489

9227 GreatCaesar the Grappler (level 11, -12/105 HPs)
             Began as a Troll Abyssal Knight on Apr 29, 2021.
             Was a Priest of Lugonu.
             Mangled by a seven-headed hydra (13 damage)
             ... on level 1 of the Lair of Beasts.
             The game lasted 00:36:04 (9390 turns).

GreatCaesar the Grappler (Troll Abyssal Knight)     Turns: 9390, Time: 00:36:08

Health: -12/105    AC:  5    Str: 25    XL:     11   Next: 20%
Magic:  7/14       EV:  9    Int:  8    God:    Lugonu [***...]
Gold:   704        SH:  9    Dex:  9    Spells: 10/10 levels left

rFire    . . .     SeeInvis .     - Unarmed
rCold    . . .     Faith    .   i - +0 kite shield
rNeg     . . .     Spirit   .   a - +0 robe
rPois    +         Reflect  .   (helmet restricted)
rElec    .         Harm     .   e - +0 cloak
rCorr    .         Rampage  .   (gloves unavailable)
Will     .....                  (boots unavailable)
Stlth    +.........             (no amulet)
HPRegen  1.27/turn              P - ring of poison resistance
MPRegen  0.14/turn              K - +4 ring of slaying

@: studying Long Blades
A: large, unfitting armour, claws 3, regeneration 1, shaggy fur 1, tough skin 1
a: Renounce Religion, Depart the Abyss, Bend Space, Banish


You were on level 1 of the Lair of Beasts.
You worshipped Lugonu.
Lugonu was most pleased with you.
You visited 2 branches of the dungeon, and saw 10 of its levels.
You visited the Abyss 1 time.
You also visited: Ossuary.

You collected 880 gold pieces.
You spent 176 gold pieces at shops.

Inventory:

Hand Weapons
 s - a +0 mace of holy wrath
 D - a +2 spear of electrocution
 G - a +1 vampiric spear
Missiles
 t - 189 stones
 v - 40 poisoned darts
 x - 8 atropa-tipped darts
 C - 2 throwing nets
 H - 8 javelins
 J - 3 boomerangs (quivered)
Armour
 a - a +0 robe (worn)
 e - a +0 cloak (worn)
 i - a +0 kite shield (worn)
Magical Staves
 M - a staff of cold
Jewellery
 q - a +4 ring of evasion
 z - a ring of fire
 F - a ring of flight
 K - a +4 ring of slaying (right claw)
 P - a ring of poison resistance (left claw)
 T - a +6 ring of strength
Wands
 f - a wand of charming (15)
 E - a wand of paralysis (5)
 I - a wand of acid (9)
 L - a wand of digging (3)
Scrolls
 k - 5 scrolls of teleportation {unknown}
 l - 7 scrolls of identify {unknown}
 m - a scroll of magic mapping {unknown}
 n - 4 scrolls of amnesia {unknown}
 p - a scroll of enchant weapon {unknown}
 r - 8 scrolls of enchant armour {unknown}
 u - 4 scrolls of immolation {unknown}
 w - a scroll of noise {unknown}
 S - a scroll of fear {unknown}
Potions
 b - 5 potions of flight
 c - 2 potions of heal wounds {unknown}
 d - 4 potions of lignification {unknown}
 g - 7 potions of curing
 h - a potion of might {unknown}
 j - 3 potions of cancellation {unknown}
 o - a potion of attraction {unknown}
 A - a potion of resistance {unknown}
 B - 4 potions of ambrosia {unknown}
 N - 2 potions of haste
Miscellaneous
 y - a box of beasts


   Skills:
 * Level 5.8 Fighting
 + Level 4.8 Dodging
 * Level 5.0 Shields
 * Level 12.7 Unarmed Combat
 * Level 5.7 Invocations


You had 10 spell levels left.
You didn't know any spells.
Your spell library contained the following spells:

 Spells                   Type           Power      Damage    Failure   Level
 Animate Skeleton         Necr           0%         N/A       71%         1
 Apportation              Tloc           0%         N/A       71%         1
 Corona                   Hex            0%         N/A       71%         1
 Freeze                   Ice            0%         1d3       71%         1
 Magic Dart               Conj           0%         1d3       71%         1
 Pain                     Necr           0%         1d4       71%         1
 Sandblast                Erth           0%         2d4       71%         1
 Summon Small Mammal      Summ           0%         N/A       71%         1
 Blink                    Tloc           N/A        N/A       83%         2
 Call Imp                 Summ           0%         N/A       83%         2
 Ensorcelled Hibernation  Hex/Ice        0%         N/A       83%         2
 Passwall                 Tmut/Erth      0%         N/A       83%         2
 Slow                     Hex            0%         N/A       83%         2
 Confusing Touch          Hex            0%         N/A       97%         3
 Conjure Flame            Conj/Fire      0%         6-21      97%         3
 Dazzling Flash           Conj/Hex       0%         N/A       97%         3
 Frozen Ramparts          Ice            0%         1d2       97%         3
 Mephitic Cloud           Conj/Pois/Air  0%         N/A       97%         3
 Ozocubu's Armour         Ice            0%         N/A       97%         3
 Stone Arrow              Conj/Erth      0%         3d7       97%         3
 Tukima's Dance           Hex            0%         N/A       97%         3
 Hailstorm                Conj/Ice       0%         3d3       100%        4
 Petrify                  Tmut/Erth      0%         N/A       100%        4
 Lee's Rapid Deconstruct  Erth           0%         3d5*      100%        5
 Metabolic Englaciation   Hex/Ice        0%         N/A       100%        5
 Haunt                    Necr/Summ      0%         N/A       100%        7
 Malign Gateway           Summ/Tloc      0%         N/A       100%        7
 Monstrous Menagerie      Summ           0%         N/A       100%        7
 Summon Horrible Things   Summ           0%         N/A       100%        8


Dungeon Overview and Level Annotations

Branches:
Dungeon (9/15)             Temple (0/1) D:5            Lair (1/6) D:9
Ossuary (visited)
    Orc: D:9-12

Altars:
Ashenzari
Elyvilon
Hepliaklqana
Qazlal
Uskayaw
Yredelemnul

Shops:
D:7 !   D:9 (

Annotations:
D:9 corrupted, 2 transporters, Bapho's ghost, novice TrMo
Lair:1 corrupted
Abyss:1 Duvessa, Harold


Innate Abilities, Weirdness & Mutations

You are too large for most types of armour.
You have claws for hands.
Your natural rate of healing is unusually fast.
You are covered in fur. (AC +1)
You have tough skin. (AC +1)


Message History

The black mamba bites you but does no damage.
You feel sick. The black mamba bites you! The komodo dragon barely misses you.
You feel sick.
You are no longer poisoned.
You block the black mamba's attack. The black mamba bites you!
* * * LOW HITPOINT WARNING * * *
The black mamba bites you but does no damage.
Space bends around you!
You blink.
A seven-headed hydra comes into view.
The seven-headed hydra roars!
Unknown command.
The black mamba bites you!
* * * LOW HITPOINT WARNING * * *
You block the black mamba's attack. The black mamba barely misses you.
Lugonu's Hand of Corruption reaches out!
You can no longer corrupt the fabric of space.
The water moccasin barely misses you.
The black mamba bites you but does no damage.
You block the water moccasin's attack. You block the black mamba's attack.
Unknown command.
The lich gestures at the black mamba while chanting.
The black mamba seems to slow down.
The red devil hits the water moccasin from afar with a +0 trident!
Tentacles burst from the starspawn's body! 2 starspawn tentacles come into view.
The black mamba bites the apocalypse crab but does no damage.
The apocalypse crab bites the black mamba!
The apocalypse crab claws the black mamba!
The black mamba dies!
The ynoxinul gestures.
The seven-headed hydra bites you.
* * * LOW HITPOINT WARNING * * *
The seven-headed hydra barely misses you.
The seven-headed hydra bites you!
* * * LOW HITPOINT WARNING * * *
You block the seven-headed hydra's attack.
The seven-headed hydra bites you!
You die...

#...##†...# ....
##...#†###.##......
####....÷####..#.....#
.######.###....#X#.........###.
...........X....ww.X...........
.........5.3...#...............
.........5..D#...3.3x.........
............X.eX.#3#.K.#...#
............2X5S@L.........#
......l....#x5.Dt÷##..#....#
##.#...#..#....†i5x........#
.....S.##....x3#u4x.>.#....#
#......#....3..#.....##....#
#......#......X#......#....P#
.......#.....e.h#.....#.......
#+P.##.#.......#†.....#....##..
........l#......##.#.#.....# ##


You could see a seven-headed hydra, a water moccasin, a neutral bone dragon
(summoned), a neutral cyan very ugly thing (summoned), a neutral tentacled
starspawn (summoned), a neutral lich (summoned), 2 neutral deep elf
elementalists, a neutral sun demon (summoned), a neutral apocalypse crab
(summoned), a neutral thrashing horror (summoned), 5 neutral large abominations,
a neutral worldbinder (summoned), a neutral kobold demonologist (summoned), a
neutral sixfirhy (summoned), a neutral smoke demon (summoned), a neutral hellion
(summoned), a neutral raiju (summoned), 2 neutral neqoxecs, a neutral ynoxinul
(summoned), a neutral red devil (summoned), 4 neutral small abominations, a
neutral spriggan (summoned), 2 neutral starspawn tentacles, a neutral quasit
(summoned) and 4 neutral ufetubi.

Vanquished Creatures
  5 elephants (Lair:1)
  A meliai zombie (D:5)
  Grinder (D:4)
  A shadow (D:9)
  A wyvern (D:9)
  12 yaks (D:9)
  The ghost of Froggeryz the Cudgeller, an amateur TeCK of Xom (D:3)
  5 water moccasins
  A hornet zombie (D:4)
  An orc warrior (D:8)
  3 black bears
  2 ice beasts
  A necrophage (D:4)
  2 ogres (D:4)
  A centaur (D:7)
  3 elf zombies (Ossuary)
  A kobold brigand (D:6)
  5 bullfrogs
  Dowan (D:6)
  A water moccasin skeleton (D:6)
  2 scorpions
  4 wights (D:8)
  A howler monkey (D:9)
  A bullfrog zombie (D:5)
  A gnoll shaman (D:3)
  4 hounds
  3 centaur skeletons
  4 jellies
  2 centaur zombies (D:5)
  2 bullfrog skeletons
  2 iguanas
  A scorpion zombie (D:4)
  Natasha (thrice) (D:2)
  2 orc wizards
  2 killer bee zombies
  3 mummies
  Robin (D:2)
  6 gnolls (D:3)
  6 adders
  A shadow imp (D:6)
  A white imp (D:2)
  A worm (D:3)
  3 dart slugs
  16 orcs
  9 endoplasms
  2 giant cockroaches
  2 gnoll zombies (Ossuary)
  9 goblins
  10 hobgoblins
  6 jackals
  4 quokkas
  7 ball pythons
  7 bats
  7 frilled lizards
  2 goblin zombies (Ossuary)
  4 hobgoblin zombies (Ossuary)
  23 kobolds
  3 orc zombies (Ossuary)
  7 rats
223 creatures vanquished.

Vanquished Creatures (others)
  A black mamba (Lair:1)
  5 yaks (D:9)
  2 basilisks (D:9)
  A water moccasin (D:9)
  An orc warrior (D:9)
  A bullfrog (D:9)
  5 fungi
  19 plants
  4 toadstools (D:1)
39 creatures vanquished.

Grand Total: 262 creatures vanquished

Notes
Turn   | Place    | Note
-------+----------+-------------------------------------------
     0 | Abyss:1  | GreatCaesar the Troll Abyssal Knight began the quest for
                  | the Orb.
     0 | Abyss:1  | Reached XP level 1. HP: 22/22 MP: 1/1
    71 | Abyss:1  | Noticed a ynoxinul
    72 | D:1      | Escaped the Abyss
   209 | D:1      | Found a faded altar of an unknown god.
   278 | D:1      | Reached XP level 2. HP: 29/29 MP: 2/2
   282 | D:1      | You fall into a shaft and drop 1 floor!
   284 | D:2      | Reached * piety under Lugonu
   486 | D:1      | Reached XP level 3. HP: 36/36 MP: 3/3
   563 | D:1      | Identified Diag Gaa's Introduction to Theurgy
  1074 | D:2      | Noticed Natasha
  1080 | D:2      | Killed Natasha
  1081 | D:2      | Reached skill level 3 in Unarmed Combat
  1081 | D:2      | Reached XP level 4. HP: 41/45 MP: 4/4
  1143 | D:2      | Noticed Natasha
  1147 | D:2      | Killed Natasha
  1160 | D:2      | Noticed Robin
  1176 | D:2      | Reached ** piety under Lugonu
  1180 | D:2      | Killed Robin
  1480 | D:2      | Reached XP level 5. HP: 53/53 MP: 5/5
  1718 | D:2      | Noticed Natasha
  1741 | D:2      | Killed Natasha
  1742 | D:2      | Reached skill level 4 in Unarmed Combat
  2075 | D:3      | Reached XP level 6. HP: 61/61 MP: 6/6
  2116 | D:3      | Found a broken altar of Ashenzari.
  2149 | D:3      | Found a basalt altar of Yredelemnul.
  2185 | D:3      | Found a transporter.
  2192 | D:3      | You fall into a shaft and drop 3 floors!
  2262 | D:6      | Noticed an ice beast
  2266 | D:6      | Killed an ice beast
  2267 | D:6      | Reached skill level 5 in Unarmed Combat
  2389 | D:5      | Entered Level 5 of the Dungeon
  2494 | D:5      | Reached XP level 7. HP: 67/67 MP: 8/8
  2512 | D:5      | Reached skill level 6 in Unarmed Combat
  2570 | D:4      | Reached *** piety under Lugonu
  2640 | D:4      | Reached skill level 1 in Shields
  2656 | D:4      | Noticed Grinder
  2674 | D:4      | Killed Grinder
  2715 | D:4      | Reached skill level 7 in Unarmed Combat
  2725 | D:4      | Reached XP level 8. HP: 76/78 MP: 9/9
  2969 | D:4      | Found a hide-covered altar of Uskayaw.
  3466 | D:3      | Found a transporter.
  3630 | D:3      | Noticed Froggeryz's ghost (amateur TeCK)
  3672 | D:3      | Reached skill level 8 in Unarmed Combat
  3700 | D:3      | Killed Froggeryz's ghost
  4292 | D:5      | Reached **** piety under Lugonu
  4459 | D:5      | Found a stormy altar of Qazlal.
  4673 | D:5      | Found a staircase to the Ecumenical Temple.
  4841 | D:6      | Reached skill level 9 in Unarmed Combat
  4841 | D:6      | Reached XP level 9. HP: 66/84 MP: 10/10
  4925 | D:6      | Noticed Dowan
  4960 | D:6      | Killed Dowan
  5348 | D:6      | Found a hazy altar of Hepliaklqana.
  5467 | D:6      | Noticed Duvessa
  5476 | D:6      | Banished Duvessa
  6096 | D:7      | Found Izoliseosch's Distillery.
  6104 | D:7      | Bought a potion of flight for 33 gold pieces
  6104 | D:7      | Bought a potion of haste for 110 gold pieces
  6104 | D:7      | Bought a potion of curing for 33 gold pieces
  6865 | D:8      | Found a sand-covered staircase.
  6874 | Ossuary  | Entered an ossuary
  6950 | Ossuary  | Reached skill level 10 in Unarmed Combat
  7437 | D:8      | Noticed a two-headed ogre
  7438 | D:8      | Banished a two-headed ogre
  7439 | D:8      | Reached XP level 10. HP: 93/94 MP: 7/12
  7975 | D:9      | Found a white marble altar of Elyvilon.
  7990 | D:9      | Reached skill level 11 in Unarmed Combat
  8048 | D:9      | Reached skill level 5 in Fighting
  8203 | D:9      | Corrupted D:9
  8203 | D:9      | Noticed a hell knight
  8203 | D:9      | Noticed a worldbinder
  8203 | D:9      | Noticed a starcursed mass
  8203 | D:9      | Noticed a smoke demon
  8204 | D:9      | Noticed a cacodemon
  8204 | D:9      | Noticed a large abomination
  8205 | D:9      | Noticed a smoke demon
  8205 | D:9      | Noticed a thrashing horror
  8207 | D:9      | HP: 4/96 [small abomination[Lugonu's corruption] (15)]
  8575 | D:9      | Noticed Harold
  8577 | D:9      | Banished Harold
  8578 | D:9      | Reached skill level 5 in Invocations
  8685 | D:9      | Found a staircase to the Lair.
  8714 | D:9      | Found Qoewot's Antique Weapon Shoppe.
  8808 | D:9      | Found a transporter.
  8808 | D:9      | Found a transporter.
  8808 | D:9      | Noticed Bapho's ghost (novice TrMo)
  8809 | D:9      | Identified the +6 dire flail of Recklessness {flame, rCorr
                  | Int+3}
  8809 | D:9      | Identified the +3 great mace of the Places {vorpal, Stlth+}
  8809 | D:9      | Noticed a two-headed ogre
  8811 | D:9      | Noticed a two-headed ogre
  8915 | D:9      | Reached skill level 12 in Unarmed Combat
  9058 | Lair:1   | Entered Level 1 of the Lair of Beasts
  9058 | Lair:1   | Noticed an elephant
  9058 | Lair:1   | Noticed an elephant
  9058 | Lair:1   | Noticed an elephant
  9058 | Lair:1   | Noticed an elephant
  9059 | Lair:1   | Noticed an elephant
  9117 | Lair:1   | Killed an elephant
  9127 | Lair:1   | Killed an elephant
  9128 | Lair:1   | Reached XP level 11. HP: 51/105 MP: 14/14
  9241 | Lair:1   | Reached skill level 5 in Shields
  9382 | Lair:1   | Noticed a seven-headed hydra
  9388 | Lair:1   | Corrupted Lair:1
  9388 | Lair:1   | Noticed a deep elf elementalist
  9388 | Lair:1   | Noticed a sun demon
  9388 | Lair:1   | Noticed a tentacled starspawn
  9388 | Lair:1   | Noticed a bone dragon
  9388 | Lair:1   | Noticed a deep elf elementalist
  9388 | Lair:1   | Noticed a sixfirhy
  9388 | Lair:1   | Noticed a lich
  9389 | Lair:1   | Noticed a cyan very ugly thing
  9389 | Lair:1   | Noticed a thrashing horror
  9390 | Lair:1   | HP: 1/105 [seven-headed hydra (14)]
  9390 | Lair:1   | Mangled by a seven-headed hydra

Illustrated notes

Levels and vault maps discovered:
D:1:      ldierk_walled_garden_2, layout_loops_ring,
          chequers_ecumenical_altar_simple
D:2:      layout_loops_ring, uniq_natasha, uniq_robin
D:3:      layout_basic, marbit_many_paths, overflow_temple_1_default,
          gammafunk_ghost_gnarly_gnolls
D:4:      minmay_clustersquares, layout_layer_cave, lemuel_tele_altar,
          small_statue_intersection, uniq_grinder
D:5:      layout_basic, lemuel_coloured_pillars_altar,
          minmay_temple_entry_antechambers
D:6:      cheibrodos_quashed, layout_basic, old_standard_altar, uniq_duvessa
D:7:      layout_cave_pods, serial_shops, shop
D:8:      layout_loops_ring, gup_ossuary_entry_pyramid
D:9:      layout_basic, elyvilon_altar_1, minmay_lair_entry_grove,
          gammafunk_ghost_smash, serial_shops, shop, lemuel_old_faithful,
          uniq_harold
Lair:1:   layout_regular_city, ldierk_geyser, st_stairs_6, serial_bayou_lagoon_a

Skill      XL: |  1  2  3  4  5  6  7  8  9 10 11 |
---------------+----------------------------------+-----
Dodging        | 2 3 4 |  4.8
Fighting       | 3 4 5 |  5.8
Unarmed Combat | 3 4 5 7 9 10 12 | 12.7
Invocations    | 2 3 4 5 |  5.7
Shields        | 1 2 3 4 5 |  5.0

Action                   |  1- 3 |  4- 6 |  7- 9 | 10-12 || total
-------------------------+-------+-------+-------+-------++-------
Melee: Unarmed           |    86 |   114 |   271 |   166 ||   637
       Punch             |     1 |       |       |       ||     1
Throw: Boomerang         |       |       |       |     7 ||     7
Invok: Depart the Abyss  |     1 |       |       |       ||     1
       Banish            |       |       |     2 |     1 ||     3
       Corrupt           |       |       |       |     2 ||     2
       Bend Space        |       |       |       |     2 ||     2
 Stab: Sleeping          |     2 |       |       |       ||     2
Armor: Robe              |    20 |    24 |    60 |    37 ||   141
Dodge: Dodged            |    26 |    44 |    86 |    41 ||   197
Block: Kite shield       |       |     7 |   110 |    73 ||   190

Table legend: (Time is in decaauts)
 A = Elapsed time spent in this place.
 B = Non-inter-level travel time spent in this place.
 C = Inter-level travel time spent in this place.
 D = Time resting spent in this place.
 E = Time spent auto-exploring this place.
 F = Levels seen in this place.
 G = Mean time per level.
                   A        B        C        D        E       F      G
               +--------+--------+--------+--------+--------+-----+--------+
         Total |   9409 |   8729 |    680 |    357 |   5914 |  12 |  784.1 |
       Dungeon |   8811 |   8142 |    669 |    338 |   5767 |   9 |  979.0 |
          Lair |    326 |    315 |     11 |     19 |     38 |   1 |  326.0 |
         Abyss |     72 |     72 |      0 |      0 |     65 |   1 |   72.0 |
       Ossuary |    199 |    199 |      0 |      0 |     44 |   1 |  199.0 |
               +--------+--------+--------+--------+--------+-----+--------+

Top non-repeatable levels by time:
     D:6: 1393 daAuts
     D:4: 1336 daAuts
     D:9: 1121 daAuts
     D:2: 1064 daAuts
     D:8: 922 daAuts
     D:3: 836 daAuts
     D:7: 832 daAuts
     D:1: 686 daAuts
     D:5: 617 daAuts
  Lair:1: 326 daAuts
 Ossuary: 199 daAuts
 Abyss:1: 72 daAuts
